 Dungeon Crawl Stone Soup version 0.24-a0-520-g8fd06ad0bc (webtiles) character file.

Game seed: 16165548147925964535

463 Froggeryz the Cleaver (level 6, 0/56 HPs)
             Began as a Minotaur Fighter on July 27, 2019.
             Was an Elder of Jiyva.
             Killed by divine providence
             ... invoked by an orc priest
              (12 damage)
             ... on level 4 of the Dungeon.
             The game lasted 00:04:06 (2396 turns).

Froggeryz the Cleaver (Minotaur Fighter)            Turns: 2396, Time: 00:04:07

Health: 0/56       AC:  6    Str: 20    XL:     6   Next: 79%
Magic:  5/5        EV:  8    Int:  8    God:    Jiyva [****..]
Gold:   81         SH:  9    Dex:  9    Spells: 5/5 levels left

rFire    . . .     SeeInvis .   a - +0 war axe
rCold    + . .     Gourm    .   c - +0 shield
rNeg     . . .     Faith    .   h - +0 ring mail {rC+}
rPois    .         Spirit   .   (helmet restricted)
rElec    .         Reflect  .   q - +0 cloak
rCorr    +         Harm     .   (no gloves)
MR       .....                  (no boots)
Stlth    ..........             p - amulet of magic regeneration
HPRegen  0.18/turn              (no ring)
MPRegen  0.34/turn              (no ring)

@: no status effects
A: retaliatory headbutt, horns 2
a: Request Jelly, Slimify, Renounce Religion


You were on level 4 of the Dungeon.
You worshipped Jiyva.
Jiyva was greatly pleased with you.
You were not hungry.

You visited 1 branch of the dungeon, and saw 4 of its levels.

You collected 81 gold pieces.

Inventory:

Hand Weapons
 a - a +0 war axe (weapon)
Armour
 b - a +0 scale mail
 c - a +0 shield (worn)
 h - a +0 ring mail of cold resistance (worn)
 q - a +0 cloak (worn)
Jewellery
 p - an amulet of magic regeneration (around neck)
Scrolls
 e - 2 scrolls of remove curse {unknown}
 i - 2 scrolls of noise {unknown}
 j - 7 scrolls of identify {unknown}
 k - a scroll of enchant weapon {unknown}
 l - 4 scrolls of magic mapping {unknown}
 n - a scroll of teleportation {unknown}
 o - a scroll of enchant armour {unknown}
 r - 2 scrolls of random uselessness {unknown}
Potions
 d - 2 potions of might
 g - a potion of agility {unknown}
 m - a potion of heal wounds {unknown}
Comestibles
 f - 6 rations


   Skills:
 - Level 5.2 Fighting
 * Level 8.1 Axes
 - Level 3.6 Armour
 - Level 3.6 Shields


You had 5 spell levels left.
You didn't know any spells.
Your spell library contained the following spells:

 Spells                   Type           Power        Failure   Level  Hunger
 Summon Small Mammal      Summ           #...         97%         1    ##.....
 Call Imp                 Summ           #.......     99%         2    ###....
 Call Canine Familiar     Summ           #.......     100%        3    ####...
 Summon Guardian Golem    Hex/Summ       #.......     100%        3    ####...
 Summon Ice Beast         Ice/Summ       #.......     100%        4    #####..
 Summon Lightning Spire   Summ/Air       #.......     100%        4    #####..


Dungeon Overview and Level Annotations

Branches:
Dungeon (4/15)
 Temple: D:4-7

Altars:
Kikubaaqudgha
Makhleb
Qazlal
Uskayaw
Yredelemnul
Jiyva


Innate Abilities, Weirdness & Mutations

You reflexively headbutt those who attack you in melee.
You have a pair of horns on your head.


Message History

The ogre is moderately wounded.
The orc throws a boomerang.
You block the boomerang.
The weapon returns to the orc!
The ogre barely misses you.
Jiyva says: Divide and consume!
You barely miss the ogre.
The ogre is moderately wounded.
The ogre closely misses you.
You slash the ogre!
The ogre is severely wounded.
You closely miss the orc. The ogre hits you with a +0 giant club!
* * * LOW HITPOINT WARNING * * *
You block the orc's attack.
Unknown command.
You slash the ogre!
You kill the ogre!
Your Axes skill increases to level 8!
You closely miss the orc.
The orc priest mumbles some strange prayers to Beogh against you.
Beogh smites you!
You die...

###....##...#
#.........# ##
#.........#
.####...##.....#
##
.......####....#
..# ......##
#....## ##[...
.....#
##....##.oo#
###.. ####..oo#
..#.. #.@)##
##....# ##..# #
#.### #.## ##..
## #.# #.#...#.
#.# .# .......#
#.. .##..>#...##
#?. ....#.#.....
... ...#.......


You could see an orc priest, an orc wizard and 2 orcs.

Vanquished Creatures
  Menkaure (D:4)
  A phantom (D:3)
  An ogre (D:4)
  2 orc wizards (D:3)
  3 gnolls (D:3)
  2 adders (D:2)
  An adder skeleton (D:4)
  A worm (D:2)
  A leopard gecko (D:1)
  5 orcs (D:3)
  5 giant cockroaches
  4 goblins
  6 hobgoblins
  3 jackals (D:3)
  6 kobolds
  3 quokkas
  6 bats
  2 frilled lizards
  6 rats
59 creatures vanquished.

Vanquished Creatures (others)
  5 jellies
  An orc wizard (D:4)
  A gnoll (D:3)
  An adder skeleton (D:4)
  An adder zombie (D:3)
  2 goblins
  2 hobgoblins
  2 kobolds
  A bat (D:3)
16 creatures vanquished.

Grand Total: 75 creatures vanquished

Notes
Turn   | Place    | Note
-------+----------+-------------------------------------------
     0 | D:1      | Froggeryz the Minotaur Fighter began the quest for the Orb.
     0 | D:1      | Reached XP level 1. HP: 19/19 MP: 0/0
    43 | D:1      | Reached skill level 3 in Axes
   249 | D:1      | Reached XP level 2. HP: 27/27 MP: 1/1
   655 | D:2      | Found a faded altar of an unknown god.
   662 | D:2      | Became a worshipper of Jiyva Jownowuf the Shapeless
   662 | D:2      | Reached * piety under Jiyva
   732 | D:2      | Reached XP level 3. HP: 32/33 MP: 2/2
   751 | D:2      | Found a hide-covered altar of Uskayaw.
   782 | D:2      | Reached skill level 4 in Axes
   790 | D:2      | Reached ** piety under Jiyva
  1107 | D:3      | Found a stormy altar of Qazlal.
  1116 | D:3      | Found a burning altar of Makhleb.
  1134 | D:3      | Found an ancient bone altar of Kikubaaqudgha.
  1221 | D:3      | Reached *** piety under Jiyva
  1221 | D:3      | Gained mutation: You are weak. (Str -2) [Jiyva's grace]
  1233 | D:3      | Reached XP level 4. HP: 32/41 MP: 3/3
  1468 | D:3      | Noticed a phantom
  1515 | D:3      | Killed a phantom
  1515 | D:3      | Reached skill level 5 in Fighting
  1515 | D:3      | Reached skill level 5 in Axes
  1515 | D:3      | Reached XP level 5. HP: 12/48 MP: 4/4
  1598 | D:3      | Reached skill level 6 in Axes
  1938 | D:3      | Reached **** piety under Jiyva
  1938 | D:3      | Lost mutation: You are weak. (Str -2) [Jiyva's grace]
  2307 | D:4      | Found a basalt altar of Yredelemnul.
  2363 | D:4      | Noticed Menkaure
  2371 | D:4      | Killed Menkaure
  2371 | D:4      | Reached skill level 7 in Axes
  2371 | D:4      | Reached XP level 6. HP: 22/56 MP: 5/5
  2396 | D:4      | Reached skill level 8 in Axes
  2396 | D:4      | Killed from afar by an orc priest

Levels and vault maps discovered:
D:1:      zaba_arrival_water, layout_rooms, minmay_tromino_v4_c
D:2:      layout_basic, eat_drink_and_be_merry_uskayaw,
          chequers_ecumenical_altar_simple_redux
D:3:      wad_lake_hut, layout_basic, kiku_gazebo_garden_becter,
          grunt_qazlal_clouds, bloody_makhleb, grunt_ministairs_14,
          minmay_divided_ellipse
D:4:      kennysheep_goblin_castle, layout_layer_cave, old_standard_altar,
          minmay_temple_entry_mini_moons, first_ration, minmay_mini_jars,
          uniq_menkaure

Skill      XL: |  1  2  3  4  5  6 |
---------------+-------------------+-----
Axes           | 3 4 5 7 8 |  8.1
Fighting       | 4 5 |  5.2
Armour         | |  3.6
Shields        | |  3.6

Action                   |  1- 3 |  4- 6 || total
-------------------------+-------+-------++-------
Melee: War axe           |    74 |    75 ||   149
       Headbutt          |     6 |    13 ||    19
  Eat: Chunk             |       |     1 ||     1
Armor: Scale mail        |    13 |       ||    13
       Ring mail         |    22 |    14 ||    36
Dodge: Dodged            |    37 |    19 ||    56
Block: Shield            |    42 |    32 ||    74

Table legend:
 A = Non-vault XP
 B = Vault XP
 C = Vault XP percentage of total XP
 D = Non-vault monster count
 E = Vault monster count
 F = Vault count percentage of total count
                 A         B        C        D         E       F
            +---------+---------+-------+---------+---------+-------
      Total |     304 |     358 |  54.1 |      45 |      14 |  23.7
            +---------+---------+-------+---------+---------+-------
        D:1 |      29 |       3 |   9.4 |      18 |       2 |  10.0
        D:2 |      46 |       0 |   0.0 |      11 |       0 |   0.0
        D:3 |     104 |     183 |  63.8 |      12 |      11 |  47.8
        D:4 |     125 |     172 |  57.9 |       4 |       1 |  20.0
            +---------+---------+-------+---------+---------+-------
